 Dungeon Crawl Stone Soup version 0.26.0-15-gc6cd9f700b (webtiles) character file.

Game seed: 5631949634659752862

19788 Coron the Fighter (level 12, 0/136 HPs)
             Began as an Ogre Arcane Marksman on Jan 16, 2021.
             Slain by a blink frog (9 damage)
             ... on level 2 of the Lair of Beasts.
             The game lasted 01:06:07 (22901 turns).

Coron the Fighter (Ogre Arcane Marksman)           Turns: 22901, Time: 01:06:07

Health: 0/136      AC: 13    Str: 21    XL:     12   Next: 72%
Magic:  30/30      EV: 11    Int: 14    God:
Gold:   583        SH:  0    Dex: 15    Spells: 13/23 levels left

rFire    + . .     SeeInvis .   D - +1 flail (protect)
rCold    + . .     Faith    .   (no shield)
rNeg     . . .     Spirit   .   F - +0 swamp dragon scales
rPois    +         Reflect  .   (helmet restricted)
rElec    .         Harm     .   I - scarf {rC+ rF+}
rCorr    .         Rampage  .   (gloves unavailable)
Will     +....                  (boots unavailable)
Stlth    +.........             j - amulet of the acrobat
HPRegen  0.32/turn              T - +4 ring of protection
MPRegen  0.22/turn              r - ring "Nedwugg" {+Fly MP+9 Dex+6}

@: no status effects
A: large, unfitting armour, tough skin 1
a: Evoke Flight


You were on level 2 of the Lair of Beasts.
You visited 2 branches of the dungeon, and saw 14 of its levels.
You also visited: Ossuary.

You collected 646 gold pieces.
You spent 63 gold pieces at shops.

Inventory:

Hand Weapons
 B - a +3 flail
 D - a +1 flail of protection (weapon)
 J - a +0 giant club
 P - a +3 dire flail
Missiles
 c - 3 large rocks (quivered)
 g - 530 stones
 i - 40 poisoned darts
 H - 2 boomerangs of dispersal
 N - 2 boomerangs
 U - 2 silver boomerangs
 X - a javelin
Armour
 b - a +0 cloak
 y - a cursed +0 kite shield
 F - +0 swamp dragon scales (worn)
 I - a scarf of resistance (worn)
 S - a +0 troll leather armour
Jewellery
 a - a +4 ring of protection
 j - an amulet of the acrobat (around neck)
 m - an uncursed amulet of faith
 r - the ring "Nedwugg" (right hand) {+Fly MP+9 Dex+6}
   (You acquired it on level 12 of the Dungeon)

   [ring of magical power]

   It affects your dexterity (+6).
   It affects your magic capacity (+9).
   It lets you fly.
 w - an uncursed ring of resist corrosion
 C - an uncursed ring of positive energy
 M - an uncursed ring of fire
 R - a +4 ring of evasion
 T - a +4 ring of protection (left hand)
 Z - a cursed amulet of inaccuracy {unknown}
Wands
 u - a wand of flame (22)
 v - a wand of enslavement (9)
 K - a wand of paralysis (12)
Scrolls
 d - 2 scrolls of amnesia
 e - 2 scrolls of enchant weapon
 h - 2 scrolls of enchant armour
 l - 8 scrolls of teleportation
 o - a scroll of magic mapping
 p - 11 scrolls of remove curse
 s - a scroll of fog {unknown}
 E - 2 scrolls of blinking
 G - a scroll of noise {unknown}
 Q - a scroll of torment {unknown}
 V - a scroll of vulnerability {unknown}
Potions
 f - 6 potions of mutation
 n - 4 potions of curing
 q - 4 potions of flight
 t - a potion of brilliance
 x - a potion of might
 z - a potion of resistance
 A - 4 potions of lignification
 L - a potion of heal wounds
 O - a potion of haste
 W - a potion of cancellation
 Y - a potion of magic {unknown}


   Skills:
 + Level 13.4 Fighting
 - Level 7.0 Maces & Flails
 - Level 12.0 Throwing
 - Level 5.0 Armour
 - Level 4.0 Dodging
 - Level 1.0 Shields
 - Level 6.1 Spellcasting
 - Level 6.0 Hexes


You had 13 spell levels left.
You knew the following spells:

 Your Spells              Type           Power        Failure   Level
a - Corona                Hex            23%          1%          1
b - Portal Projectile     Hex/Tloc       24%          22%         3
c - Call Imp              Summ           4%           36%         2
d - Blink                 Tloc           N/A          36%         2
e - Slow                  Hex            21%          3%          2

Your spell library contained the following spells:

 Spells                   Type           Power        Failure   Level
 Cause Fear               Hex            10%          21%         4
 Inner Flame              Hex/Fire       12%          22%         3
 Magic Dart               Conj           16%          24%         1
 Sandblast                Erth           8%           24%         1
 Passwall                 Tmut/Erth      3%           36%         2
 Poisonous Vapours        Pois/Air       8%           36%         2
 Leda's Liquefaction      Hex/Erth       6%           56%         4
 Conjure Flame            Conj/Fire      4%           58%         3
 Mephitic Cloud           Conj/Pois/Air  4%           58%         3
 Stone Arrow              Conj/Erth      8%           58%         3
 Petrify                  Tmut/Erth      4%           94%         4
 Lee's Rapid Deconstruct  Erth           2%           100%        5
 Freezing Cloud           Conj/Ice/Air   2%           100%        6


Dungeon Overview and Level Annotations

Branches:
Dungeon (12/15)            Temple (0/1) D:6            Lair (2/6) D:8
 Shoals (0/4) Lair:2          Orc (0/2) D:9         Ossuary (visited)
  Snake: Lair:2-4    Spider: Lair:2-4

Altars:
Dithmenos
Qazlal
Ru
Sif Muna
Trog
Wu Jian

Shops:
D:4 =   D:10 *[

Annotations:
D:9 Maurice


Innate Abilities, Weirdness & Mutations

You are too large for most types of armour.
You have tough skin. (AC +1)


Message History

The blink frog blinks!
The black mamba closely misses you.
The blink frog blinks!
The black mamba misses you.
Okay, then.
As you read the scroll of fear, it crumbles to dust.
You assume a fearsome visage.
The black mamba looks frightened!
The blink frog looks frightened! x3; The elephant resists with some effort.
The elephant looks frightened!
The blink frog blinks! x3
The elephant tramples you but does no damage.
The elephant misses you.
The blink frog blinks!
The blink frog hits you but does no damage.
The blink frog misses you.
You see here a large rock.
The blink frog blinks!
There is a stone staircase leading up, spattered with blood here.
The elephant barely misses you.
The elephant trunk-slaps you but does no damage.
The blink frog hits you!
You die...

#.........# ##.....♣.....
#.#.......# ##.#........#.
##.#......####..##.♣...♣..#
#P....(.........##........#
#....#......Y.###....♣....#
.##....#...Y..##.............
>...........F###.....##..##...
.............§YF.....#......#..
...........#..@F.....#......(..
...........##....#.#.........#.
...........##.###............#.
..........######...............
.........# ##.>............
......... ##.######......
...... ### #P...... ##......
.......


You could see 2 elephants, 2 blink frogs and a bullfrog.

Vanquished Creatures
  Josephine (D:11)
  A boulder beetle (D:11)
  2 hydras
  A two-headed ogre (D:10)
  A death knight (D:11)
  Pikel (D:9)
  A phantasmal warrior (D:11)
  A cyclops (D:11)
  3 elephants (Lair:1)
  A gargoyle (D:10)
  5 komodo dragons (Lair:1)
  A yaktaur (shapeshifter) (D:11)
  3 freezing wraiths (D:11)
  3 trolls
  Grinder (D:3)
  6 wraiths (D:11)
  9 yaks
  A wyvern (D:8)
  2 basilisks (Lair:1)
  3 fire bats (Lair:1)
  2 wargs (D:8)
  5 water moccasins
  Duvessa (D:5)
  2 ice beasts
  5 orc warriors
  3 phantoms
  3 sky beasts
  9 ogres
  6 wolves
  4 centaurs
  A lemure (D:9)
  11 bullfrogs
  A gnoll sergeant (D:11)
  5 scorpions
  Dowan (D:5)
  5 wights (D:8)
  An electric eel (Lair:1)
  3 howler monkeys
  A human zombie (Ossuary)
  3 jellies
  2 centaur skeletons
  7 hounds
  9 orc priests
  3 bullfrog skeletons
  2 iguanas
  16 orc wizards
  Natasha (thrice) (D:3)
  8 worker ants
  2 big kobold zombies (Ossuary)
  3 mummies
  A worker ant zombie (D:8)
  13 gnolls
  14 adders
  A shadow imp (D:9)
  A white imp (D:6)
  An ufetubus (D:5)
  An ooze (D:3)
  2 adder zombies (Ossuary)
  3 worms
  2 dart slugs (D:3)
  2 leopard geckos
  58 orcs
  A ball python (D:7)
  12 bats
  4 giant cockroaches
  4 goblins
  8 hobgoblins
  2 jackals (D:1)
  4 quokkas
  A ball python skeleton (D:4)
  A frilled lizard (D:1)
  A goblin zombie (Ossuary)
  13 hobgoblin zombies (Ossuary)
  A jackal zombie (Ossuary)
  9 kobolds
  7 kobold zombies (Ossuary)
  A leopard gecko zombie (D:6)
  9 orc zombies (Ossuary)
  2 quokka skeletons
  A quokka zombie (D:5)
  6 rats
  A rat zombie (Ossuary)
361 creatures vanquished.

Vanquished Creatures (others)
  6 fungi
  7 plants
13 creatures vanquished.

Grand Total: 374 creatures vanquished

Notes
Turn   | Place    | Note
-------+----------+-------------------------------------------
     0 | D:1      | Coron the Ogre Arcane Marksman began the quest for the Orb.
     0 | D:1      | Reached XP level 1. HP: 19/19 MP: 2/2
   873 | D:1      | Reached XP level 2. HP: 23/28 MP: 3/3
  1302 | D:1      | Reached skill level 2 in Fighting
  2106 | D:2      | Reached XP level 3. HP: 20/36 MP: 5/5
  2722 | D:2      | Noticed an air elemental
  2723 | D:2      | Found a stormy altar of Qazlal.
  2724 | D:2      | Noticed a fire elemental
  2725 | D:2      | Noticed an earth elemental
  2725 | D:2      | Noticed a water elemental
  3196 | D:3      | Noticed Natasha
  3200 | D:3      | Killed Natasha
  3201 | D:3      | Reached skill level 3 in Fighting
  3201 | D:3      | Reached XP level 4. HP: 31/45 MP: 7/7
  3214 | D:3      | Reached skill level 1 in Shields
  3382 | D:3      | HP: 2/45 [poisoned by an adder]
  3697 | D:3      | Noticed Natasha
  3700 | D:3      | Killed Natasha
  3701 | D:3      | Reached skill level 4 in Fighting
  3701 | D:3      | Reached XP level 5. HP: 54/54 MP: 8/8
  4100 | D:3      | Noticed Natasha
  4108 | D:3      | Killed Natasha
  4613 | D:3      | Noticed Grinder
  4646 | D:3      | Paralysed by Grinder for 2 turns
  4653 | D:3      | Killed Grinder
  4654 | D:3      | Reached skill level 5 in Throwing
  4654 | D:3      | Reached XP level 6. HP: 53/62 MP: 9/9
  5447 | D:4      | Reached skill level 5 in Fighting
  5447 | D:4      | Reached XP level 7. HP: 74/74 MP: 10/10
  5460 | D:4      | Reached skill level 6 in Fighting
  6053 | D:4      | Learned a level 3 spell: Portal Projectile
  6232 | D:4      | Found Zygik's Jewellery Boutique.
  6802 | D:4      | Reached XP level 8. HP: 83/83 MP: 13/13
  7082 | D:5      | Entered Level 5 of the Dungeon
  7310 | D:5      | Reached skill level 7 in Fighting
  7693 | D:5      | Found a sacrificial altar of Ru.
  8294 | D:5      | Reached skill level 8 in Fighting
  8888 | D:5      | Noticed Duvessa
  8888 | D:5      | Noticed Dowan
  8891 | D:5      | Reached skill level 9 in Fighting
  9172 | D:5      | Killed Dowan
  9175 | D:5      | Killed Duvessa
  9176 | D:5      | Reached XP level 9. HP: 65/98 MP: 15/15
  9565 | D:6      | Reached skill level 10 in Fighting
  9605 | D:6      | Found a sand-covered staircase.
  9623 | Ossuary  | Entered an ossuary
 10524 | D:6      | Found a staircase to the Ecumenical Temple.
 10567 | D:6      | Found an ornate altar of the Wu Jian Council.
 10673 | D:6      | Found a bloodstained altar of Trog.
 11661 | D:7      | You fall into a shaft and drop 1 floor!
 11930 | D:7      | Found a shimmering blue altar of Sif Muna.
 12286 | D:7      | Reached skill level 5 in Spellcasting
 12579 | D:8      | Reached skill level 1 in Maces & Flails
 12637 | D:8      | Found a staircase to the Lair.
 13140 | D:8      | Reached XP level 10. HP: 110/111 MP: 17/17
 13224 | D:8      | Reached skill level 11 in Fighting
 13607 | D:8      | Found a shadowy altar of Dithmenos.
 14708 | D:8      | Reached skill level 5 in Hexes
 15119 | D:9      | Noticed Maurice
 15735 | D:9      | Learned a level 2 spell: Call Imp
 15738 | D:9      | Learned a level 2 spell: Blink
 15741 | D:9      | Learned a level 2 spell: Slow
 15983 | D:9      | Reached skill level 10 in Throwing
 16411 | D:9      | Found a staircase to the Orcish Mines.
 16630 | D:9      | Noticed Pikel
 17106 | D:9      | Reached skill level 12 in Fighting
 17342 | D:10     | Entered Level 10 of the Dungeon
 17403 | D:10     | Noticed a two-headed ogre
 17412 | D:10     | Killed a two-headed ogre
 17413 | D:10     | Reached XP level 11. HP: 110/123 MP: 16/18
 17981 | D:10     | Found Maman's Armour Shoppe.
 18119 | D:10     | Found Vaept's General Store.
 18122 | D:10     | Bought 3 silver boomerangs for 63 gold pieces
 18333 | D:11     | Reached skill level 1 in Armour
 18423 | D:11     | Noticed a boulder beetle
 18451 | D:11     | Killed a boulder beetle
 18602 | D:11     | Noticed a cyclops
 18614 | D:11     | Killed a cyclops
 18615 | D:11     | Reached skill level 5 in Maces & Flails
 18842 | D:11     | Noticed Josephine
 18858 | D:11     | Killed Josephine
 19297 | D:11     | Noticed a phantasmal warrior
 19349 | D:11     | Killed a phantasmal warrior
 19418 | D:11     | Noticed a death knight
 19465 | D:11     | Killed a death knight
 19886 | D:11     | Reached XP level 12. HP: 84/133 MP: 19/19
 19888 | D:11     | Reached skill level 13 in Fighting
 20051 | D:12     | Identified a scroll of acquirement
 20052 | D:12     | Acquired the ring "Nedwugg" {+Fly MP+9 Dex+6}
 20156 | D:9      | Killed Pikel
 20206 | Lair:1   | Entered Level 1 of the Lair of Beasts
 20338 | Lair:1   | Noticed a four-headed hydra
 20341 | Lair:1   | Killed a four-headed hydra
 21737 | Lair:2   | Noticed an eight-headed hydra
 21741 | Lair:2   | Killed an eight-headed hydra
 21793 | Lair:1   | HP: 2/136 [komodo dragon (11)]
 22287 | Lair:2   | Found a staircase to the Shoals.
 22376 | Lair:1   | Reached skill level 5 in Armour
 22892 | Lair:2   | HP: 6/136 [elephant (8)]
 22901 | Lair:2   | Slain by a blink frog

Illustrated notes

Levels and vault maps discovered:
D:1:      psy_arrival_basics, layout_loops_cross, nrook_loot_triangle
D:2:      layout_basic, chequers_garden, nicolae_qazlal_style_of_elements
D:3:      layout_basic, hex_tiny, st_stairs_4, ebering_dispersal_statue_hall,
          grunt_ministairs_11, uniq_grinder, uniq_natasha
D:4:      layout_basic, serial_shops, nicolae_shop_behind_doors
D:5:      layout_basic, kennysheep_cluttered_room, nicolae_ru_path_of_blood,
          uniq_duvessa
D:6:      layout_basic, nzn_wu_jian_council_hall, minmay_temple_entry_junction,
          gup_ossuary_entry_pyramid, trog_hazing_becter
D:7:      layout_layer_cave, lemuel_blue_sif_altar
D:8:      layout_gridville, erik_lair_orcish_takeover, basic_altar
D:9:      layout_big_octagon, hiddenorc1_lemuel, uniq_maurice, uniq_pikel
D:10:     layout_long_grid, serial_shops, kennysheep_mini_moat,
          nicolae_shop_competitors_out_of_business,
          chequers_serial_rivers_small_3, chequers_serial_rivers_large_a
D:11:     layout_stronghold, uniq_josephine
D:12:     layout_gridville, special_room [special_room_orc], basic_altar,
          small_chamber_with_monster
Lair:1:   layout_regular_city, nicolae_volcano_entry_batcave,
          beast_lair_carwin_5, infiniplex_staircase_pool
Lair:2:   layout_cellular_growth, shoals_dummy_entry,
          maelrawn_ghost_gauntlet_escape, eino_small_chamber_without_monster,
          serial_bayou_crossing, serial_bayou_shore_a, grunt_megastairs_4,
          infiniplex_staircase_pool_2, lemuel_fruit_tree

Skill      XL: |  1  2  3  4  5  6  7  8  9 10 11 12 |
---------------+-------------------------------------+-----
Dodging        | 2 3 4 |  4.0
Fighting       | 2 3 4 5 6 9 10 12 13 | 13.4
Hexes          | 3 4 5 6 |  6.0
Spellcasting   | 2 3 4 5 6 |  6.1
Throwing       | 3 5 6 8 10 12 | 12.0
Shields        | 1 |  1.0
Maces & Flails | 2 4 6 7 |  7.0
Armour         | 2 5 |  5.0

Action                   |  1- 3 |  4- 6 |  7- 9 | 10-12 || total
-------------------------+-------+-------+-------+-------++-------
Melee: Unarmed           |   145 |       |       |       ||   145
       Club              |    25 |   174 |       |       ||   199
       Flail             |       |    23 |   380 |   636 ||  1039
Throw: Stone             |    52 |    12 |   176 |   126 ||   366
       Large rock        |     7 |    12 |    46 |    68 ||   133
       Dart              |    13 |    41 |    83 |    94 ||   231
       Javelin           |       |       |    10 |     2 ||    12
       Throwing net      |       |       |     2 |       ||     2
       Boomerang         |       |       |       |    62 ||    62
 Cast: Corona            |       |     2 |     8 |    12 ||    22
       Call Imp          |       |       |       |     1 ||     1
       Portal Projectile |       |       |       |     1 ||     1
  Use: Scroll            |     5 |     6 |     8 |     9 ||    28
       Potion            |       |     1 |     1 |     2 ||     4
 Stab: Sleeping          |       |       |     1 |     1 ||     2
       Held in net/web   |       |       |     1 |       ||     1
Armor: Robe              |    90 |   100 |   228 |   138 ||   556
       Troll leather arm |       |       |       |   168 ||   168
       Swamp dragon scal |       |       |       |   143 ||   143
Dodge: Dodged            |   125 |   199 |   381 |   632 ||  1337
